cohdb
Replays
Latest Replays
All Replays
Popular Replays
Top Player Replays
Match Explorer
How It Works
Community
CoH3 Stats
Reddit
Sign in to upload your games and track your stats! →
Sign in with Steam
Match 43481472
Unlisted
Match 43481472
Overview
Messages
Build Orders
End
Engineer Squad
Construct Weapon Support Center
Sniper
Bazooka Squad
M1919 Machine Gun Team
Construct Medical Station
Bazooka Squad
Bazooka Squad
Selects Advanced Infantry Battlegroup
Selects Ammunition Storage
Improved M9 Bazooka Rockets
.30 cal Machine Gun
Air Support Center
Selects M2A1 105mm Howitzer Emplacement
Engineer Squad
Grasshopper Recon Run
P-47 Dive Bomb
Grasshopper Recon Run
P-47 Strafing Run
Selects Free Fire Drills
Selects Convert to Ranger Squad
Selects Frontline Medical Station
.30 cal Machine Gun
.30 cal Machine Gun
Engineer Squad
Advanced Air Reconnaissance
Improved Aircraft Armor
Brick_man
Damacles
That guy
Mansonfreakss
KeepMovingShnep
frostie
0
0
Comments
sign in to comment!
No comments posted yet!